 Dungeon Crawl Stone Soup version 0.31-a0-875-g02e7d12df6 (webtiles) character file.

Game seed: 6912784696247733868

53 IdlyInterested the Chiller (level 3, 0/27 HPs)
             Began as a Demonspawn Wanderer on Oct 12, 2023.
             Slain by a gnoll
             ... wielding a +0 long sword
              (11 damage)
             ... on level 2 of the Dungeon.
             The game lasted 00:07:49 (1301 turns).

IdlyInterested the Chiller (Demonspawn Wanderer)    Turns: 1301, Time: 00:07:49

Health: 0/27       AC:  5    Str: 16    XL:     3   Next: 64%
Magic:  3/6        EV: 10    Int: 15    God:
Gold:   119        SH:  0    Dex:  8    Spells: 5/6 levels left

rFire   . . .        o - +0 mace
rCold   . . .        (no shield)
rNeg    . . .        c - +0 ring mail
rPois   .            (helmet restricted)
rElec   .            (no cloak)
rCorr   .            (no gloves)
SInv    .            (no boots)
Will    .....        (no amulet)
Stlth   +            (no ring)
HPRegen 0.24/turn    (no ring)
MPRegen 0.10/turn

%: no passive effects
@: no status effects
A: antennae 1
a: no special abilities


You were on level 2 of the Dungeon.
You visited 1 branch of the dungeon, and saw 2 of its levels.

You collected 119 gold pieces.

Inventory:

Hand Weapons
 l - a +0 dagger
 m - a +0 whip
 o - a +0 mace (weapon)
Missiles
 d - 25 stones
 e - 5 poisoned darts
 g - 6 boomerangs
Armour
 c - a +0 ring mail (worn)
Scrolls
 b - a scroll of teleportation
 h - a scroll of amnesia
 j - a scroll of revelation
 n - a scroll of fear
Potions
 a - a potion of curing {unknown}
 f - 2 potions of resistance {unknown}
 k - a potion of haste


   Skills:
 * Level 2.0 Fighting
 - Level 2.0 Armour
 - Level 1.0 Dodging
 - Level 1.0 Stealth
 - Level 2.0 Spellcasting
 - Level 1.0 Hexes
 - Level 1.0 Summonings
 + Level 3.6 Ice Magic


You had 5 spell levels left.
You knew the following spells:

 Your Spells              Type           Power      Damage    Failure   Level
a - Freeze                Ice            48%        1d6       10%         1

Your spell library contained the following spells:

 Spells                   Type           Power      Damage    Failure   Level
 Ensorcelled Hibernation  Hex/Ice        16%        N/A       24%         2
 Frozen Ramparts          Ice            24%        1d4       28%         3
 Jinxbite                 Hex            8%         N/A       38%         2
 Summon Ice Beast         Ice/Summ       8%         N/A       85%         4
 Leda's Liquefaction      Hex/Erth       1%         N/A       97%         4
 Lee's Rapid Deconstruct  Erth           0%         3d4*      100%        5
 Bombard                  Conj/Erth      0%         9d1       100%        6


Dungeon Overview and Level Annotations

Branches:
Dungeon (2/15)

Altars:


Innate Abilities, Weirdness & Mutations

You have a pair of small antennae on your head.


Message History

You miss the adder.
The adder bites you but does no damage. x2
You hit the adder.
The adder is heavily wounded.
The adder bites you but does no damage.
You closely miss the adder.
The adder is heavily wounded.
The adder bites you.
You are poisoned.
The adder poisons you!
The gnoll hits you with a +0 long sword.
The adder closely misses you.
You feel sick.
You feel sick. The adder bites you but does no damage.
The adder barely misses you.
You feel sick.
Aiming: Freeze (safe; 10% risk of failure)
Press: ? - help, Q - select action, (/) - cycle Shift-Dir - straight line, f - gnoll
Aim: a gnoll, wielding a +0 long sword You freeze the gnoll.
The gnoll is lightly wounded.
You feel sick.
The gnoll hits you with a +0 long sword.
Aiming: Freeze (safe; 10% risk of failure)
Press: ? - help, Q - select action, (/) - cycle Shift-Dir - straight line, f/p - gnoll
Aim: a gnoll, wielding a +0 long sword (lightly wounded)
You freeze the gnoll.
The gnoll is moderately wounded.
You feel sick.
You are no longer poisoned.
The gnoll hits you but does no damage.
Aiming: Freeze (safe; 10% risk of failure)
Press: ? - help, Q - select action, (/) - cycle Shift-Dir - straight line, f/p - gnoll
Aim: a gnoll, wielding a +0 long sword (moderately wounded)
You freeze the gnoll.
The gnoll is severely wounded.
The gnoll hits you with a +0 long sword.
You barely miss the gnoll. Your punch misses the gnoll.
The gnoll is severely wounded.
The gnoll hits you with a +0 long sword!
You die...

# # ######## .. ......
.. .... .. #.####.#..
#......#.###
###.#.S#.#.. #
##g#.#.# .# #.#
####@#.#.# #.# #.#
#### #....#.#.######.#
#.# ....
#.####.#......#.# #.#
#### #.####.'........#
#.# #
#.#...##........# #.#
# #.#.####........#
#.# #
#.#........)....###.#
#
##'#'##########......)
###
#.......##...........#


You could see a gnoll and an adder.

Vanquished Creatures
  A gnoll (D:2)
  An adder (D:2)
  A worm (D:2)
  2 ball pythons (D:2)
  3 bats (D:1)
  2 endoplasms (D:1)
  2 giant cockroaches (D:2)
  3 goblins
  3 hobgoblins
  2 jackals (D:1)
  A quokka (D:1)
  4 frilled lizards
  3 kobolds
  3 rats (D:1)
31 creatures vanquished.

Notes
Turn   | Place    | Note
-------+----------+-------------------------------------------
     0 | D:1      | IdlyInterested the Demonspawn Wanderer began the quest for
                  | the Orb.
     0 | D:1      | IdlyInterested set off with the following items: a +0 club,
                  | a scroll of teleportation, a +0 ring mail; and the
                  | following spell memorised: Freeze; and the following spells
                  | available to memorise: Ensorcelled Hibernation, Frozen
                  | Ramparts, Jinxbite, Summon Ice Beast.
     0 | D:1      | Reached XP level 1. HP: 15/15 MP: 2/2
   272 | D:1      | Gained mutation: You have a pair of small antennae on your
                  | head. [demonic ancestry]
   272 | D:1      | Reached XP level 2. HP: 13/22 MP: 3/3
   891 | D:2      | Reached skill level 1 in Dodging
  1015 | D:2      | Reached XP level 3. HP: 5/27 MP: 0/5
  1214 | D:2      | Reached skill level 1 in Summonings
  1301 | D:2      | Slain by a gnoll

Illustrated notes

Levels and vault maps discovered:
D:1:      dpeg_arrival_arbitrary_b, layout_loops_cross
D:2:      layout_basic, minmay_pentomino_r2, uniq_jessica

Skill      XL: |  1  2  3 |
---------------+----------+-----
Armour         | 2 |  2.0
Fighting       | 2 |  2.0
Dodging        | 1 |  1.0
Spellcasting   | 2 |  2.0
Summonings     | 1 |  1.0
Stealth        | |  1.0
Hexes          | |  1.0
Ice Magic      | |  3.6

Action                     || total
---------------------------++-------
  Melee: Club              ||   111
         Mace              ||    32
         Punch             ||     2
   Cast: Freeze            ||     8
    Use: Scroll            ||     4
         Potion            ||     1
 Armour: Ring mail         ||   110
  Dodge: Dodged            ||    82

Table legend: (Time is in decaauts)
 A = Elapsed time spent in this place.
 B = Non-inter-level travel time spent in this place.
 C = Inter-level travel time spent in this place.
 D = Time resting spent in this place.
 E = Time spent auto-exploring this place.
 F = Levels seen in this place.
 G = Mean time per level.
                   A        B        C        D        E       F      G
               +--------+--------+--------+--------+--------+-----+--------+
         Total |   1333 |   1243 |     90 |    140 |    590 |   2 |  666.5 |
       Dungeon |   1333 |   1243 |     90 |    140 |    590 |   2 |  666.5 |
               +--------+--------+--------+--------+--------+-----+--------+

Top non-repeatable levels by time:
     D:1: 883 daAuts
     D:2: 450 daAuts
